 Dungeon Crawl Stone Soup version 0.30-a0-1016-gfb0d676c02 (webtiles) character file.

Game seed: 10457822169946591555

542 Newt the Shooter (level 7, -5/44 HPs)
             Began as a Kobold Hunter on Apr 6, 2023.
             Slain by an ice beast (13 damage)
             ... on level 5 of the Dungeon.
             The game lasted 00:03:11 (3831 turns).

Newt the Shooter (Kobold Hunter)                    Turns: 3831, Time: 00:03:11

Health: -5/44      AC: 11    Str:  8    XL:     7   Next: 52%
Magic:  16/16      EV: 14    Int: 10    God:
Gold:   254        SH:  0    Dex: 21    Spells: 6/6 levels left

rFire   . . .      SeeInvis +    f - +5 hand axe "Maom" {protect, Fragile +Blink rCorr MP+9}
rCold   . . .      Faith    .    (no shield)
rNeg    . . .      Spirit   .    x - +1 leather armour "Kooratul" {rElec Will+ rCorr SInv}
rPois   .          Reflect  .    (no helmet)
rElec   +          Rampage  .    (no cloak)
rCorr   +                        (no gloves)
Will    +....                    (no boots)
Stlth   +++                      (no amulet)
HPRegen 0.27/turn                (no ring)
MPRegen 0.15/turn                (no ring)

@: under a protective aura
A: small, no large weapons, nightstalker 3
a: Evoke Blink


You were on level 5 of the Dungeon.
You visited 1 branch of the dungeon, and saw 5 of its levels.

You collected 254 gold pieces.

Inventory:

Hand Weapons
 a - a +1 shortbow
 f - the +5 hand axe "Maom" (weapon) {protect, Fragile +Blink rCorr MP+9}
   (You found it on level 2 of the Dungeon)

   MP:        It affects your magic capacity (+9).
   +Blink:    It lets you blink.
   rCorr:     It protects you from acid and corrosion.
   Fragile:   It will be destroyed if unequipped.
Missiles
 e - 3 throwing nets
 q - 6 poisoned darts
Armour
 c - a +0 leather armour
 x - the +1 leather armour "Kooratul" (worn) {rElec Will+ rCorr SInv}
   (You found it on level 5 of the Dungeon)

   rElec:     It insulates you from electricity.
   SInv:      It lets you see invisible.
   rCorr:     It protects you from acid and corrosion.
   Will:      It increases your willpower.
Wands
 p - a wand of digging (4)
 r - a wand of flame (27)
Scrolls
 b - 5 scrolls of immolation
 h - a scroll of amnesia
 s - a scroll of fear
 u - 3 scrolls of enchant weapon
 v - a scroll of teleportation
Potions
 d - 2 potions of mutation {unknown}
 g - a potion of experience {unknown}
 i - a potion of magic {unknown}
 j - a potion of might
 k - a potion of resistance {unknown}
 l - a potion of berserk rage {unknown}
 m - a potion of haste {unknown}
 n - a potion of lignification {unknown}
 o - 2 potions of degeneration {unknown}
 t - a potion of brilliance {unknown}
 w - 3 potions of curing {unknown}


   Skills:
 - Level 5.0 Fighting
 + Level 5.0 Axes
 - Level 5.3 Ranged Weapons
 - Level 2.4 Dodging
 - Level 1.3 Stealth


You had 6 spell levels left.
You didn't know any spells.
Your spell library contained the following spells:

 Spells                   Type           Power      Damage    Failure   Level
 Summon Forest            Summ/Tloc      0%         N/A       100%        5
 Summon Mana Viper        Hex/Summ       0%         N/A       100%        5
 Summon Cactus Giant      Summ           0%         N/A       100%        6


Dungeon Overview and Level Annotations

Branches:
Dungeon (5/15)
 Temple: D:4-7

Altars:
Nemelex Xobeh

Shops:
D:5 :


Innate Abilities, Weirdness & Mutations

You are small and have problems with some larger weapons.
You are completely attuned to the shadows.


Message History

You punch the ice beast, but do no damage.
The ice beast is lightly wounded.
The ice beast closely misses you.
You hit the ice beast.
The ice beast is lightly wounded.
The ice beast hits you. The ice beast freezes you!
You hit the ice beast.
The ice beast is moderately wounded.
The ice beast hits you but does no damage.
An ice beast is nearby!
An ice beast is nearby!
You hit the ice beast but do no damage.
The ice beast is moderately wounded.
The ice beast barely misses you. The ice beast hits you.
The ice beast freezes you!
You are too injured to fight recklessly!
You are too injured to fight recklessly!
Unknown command.
You hit the ice beast.
The ice beast is heavily wounded.
The ice beast misses you.
You slash the ice beast!
The ice beast is severely wounded.
The ice beast hits you. The ice beast freezes you!
* * * LOW HITPOINT WARNING * * *
Unknown command.
You barely miss the ice beast.
The ice beast is severely wounded.
The ice beast hits you but does no damage.
Unknown command.
You closely miss the ice beast.
The ice beast is severely wounded.
The ice beast closely misses you.
Unknown command.
You barely miss the ice beast.
The ice beast is severely wounded.
The ice beast hits you.
* * * LOW HITPOINT WARNING * * *
The ice beast freezes you!
You die...

.......####
#∩≈≈≈≈≈..#
.......#..
#.≈≈≈≈≈.##
.......#.#
#..≈≈≈..#
..)....#.#
#♣.....##
.........#
#######
.......###
.......#####
...<........
.?....@###
.....#.Y..#
.....####.#
.... #


You could see an ice beast.

Vanquished Creatures
  A phantom (D:4)
  A scorpion (D:5)
  3 hounds
  A jelly (D:5)
  Crazy Yiuf (D:3)
  4 orc wizards
  Ijyb (D:3)
  An iguana (D:5)
  3 adders
  2 worms
  4 dart slugs
  11 orcs
  An endoplasm (D:2)
  A giant cockroach (D:4)
  4 goblins
  9 hobgoblins
  6 quokkas
  4 ball pythons
  3 bats
  A frilled lizard (D:1)
  7 kobolds
69 creatures vanquished.

Vanquished Creatures (others)
  2 fungi (D:3)
2 creatures vanquished.

Grand Total: 71 creatures vanquished

Notes
Turn   | Place    | Note
-------+----------+-------------------------------------------
     0 | D:1      | Newt the Kobold Hunter began the quest for the Orb.
     0 | D:1      | Reached XP level 1. HP: 12/12 MP: 1/1
   173 | D:1      | Reached XP level 2. HP: 14/18 MP: 2/2
   784 | D:1      | Reached XP level 3. HP: 21/23 MP: 3/3
   958 | D:2      | Reached XP level 4. HP: 30/30 MP: 4/4
   966 | D:2      | Reached skill level 5 in Fighting
  1005 | D:2      | Identified the +5 hand axe "Maom" {protect, Fragile +Blink
                  | rCorr MP+9}
  1800 | D:3      | Reached XP level 5. HP: 35/35 MP: 5/5
  1859 | D:3      | Reached skill level 1 in Axes
  2468 | D:3      | Noticed Ijyb
  2487 | D:3      | Killed Ijyb
  2633 | D:3      | Found a runed translucent door.
  2636 | D:3      | Noticed Crazy Yiuf
  2646 | D:3      | Killed Crazy Yiuf
  2647 | D:3      | Reached XP level 6. HP: 30/40 MP: 6/6
  3084 | D:4      | Reached XP level 7. HP: 44/44 MP: 7/7
  3530 | D:5      | Entered Level 5 of the Dungeon
  3530 | D:5      | Found a sparkling altar of Nemelex Xobeh.
  3714 | D:5      | Reached skill level 5 in Axes
  3716 | D:5      | Identified the +1 leather armour "Kooratul" {rElec Will+
                  | rCorr SInv}
  3769 | D:5      | Found Unatwou's Book Emporium.
  3831 | D:5      | Slain by an ice beast

Illustrated notes

Levels and vault maps discovered:
D:1:      dpeg_arrival_radiant, layout_basic
D:2:      layout_loops_ring, kennysheep_boxes
D:3:      layout_rooms, uniq_crazy_yiuf_cottage, uniq_ijyb
D:4:      layout_cave_pools
D:5:      layout_basic, mainiacjoe_overflow_tiny_flanked, serial_shops,
          nicolae_lakefront_shop, minmay_crystal_room

Skill      XL: |  1  2  3  4  5  6  7 |
---------------+----------------------+-----
Fighting       | 3 4 5 |  5.0
Axes           | 2 4 5 |  5.0
Ranged Weapons | |  5.3
Dodging        | |  2.4
Stealth        | |  1.3

Action                     |  1- 3 |  4- 6 |  7- 9 || total
---------------------------+-------+-------+-------++-------
  Melee: Hand axe          |       |   122 |    48 ||   170
         Punch             |       |     2 |     1 ||     3
   Fire: Shortbow          |    55 |     9 |       ||    64
  Throw: Dart              |       |     3 |       ||     3
    Use: Scroll            |       |     8 |       ||     8
   Stab: Sleeping          |       |     7 |     3 ||    10
 Armour: Leather armour    |     6 |    38 |    13 ||    57
  Dodge: Dodged            |    16 |   104 |    34 ||   154

Table legend: (Time is in decaauts)
 A = Elapsed time spent in this place.
 B = Non-inter-level travel time spent in this place.
 C = Inter-level travel time spent in this place.
 D = Time resting spent in this place.
 E = Time spent auto-exploring this place.
 F = Levels seen in this place.
 G = Mean time per level.
                   A        B        C        D        E       F      G
               +--------+--------+--------+--------+--------+-----+--------+
         Total |   3902 |   3760 |    142 |    411 |   2791 |   5 |  780.4 |
       Dungeon |   3902 |   3760 |    142 |    411 |   2791 |   5 |  780.4 |
               +--------+--------+--------+--------+--------+-----+--------+

Top non-repeatable levels by time:
     D:1: 964 daAuts
     D:3: 956 daAuts
     D:2: 861 daAuts
     D:4: 816 daAuts
     D:5: 302 daAuts
